 Dungeon Crawl Stone Soup version 0.27-a0-1299-g1ab19c6527 (webtiles) character file.

Game seed: 718800694144732007

573 flotson the Sneak (level 7, -1/55 HPs)
             Began as a Demonspawn Delver on June 16, 2021.
             Was an Initiate of Gozag.
             Slain by an ogre (21 damage)
             ... on level 5 of the Dungeon.
             The game lasted 00:11:32 (6085 turns).

flotson the Sneak (Demonspawn Delver)               Turns: 6085, Time: 00:11:32

Health: -1/55      AC:  8    Str: 14    XL:     7   Next: 12%
Magic:  7/7        EV: 11    Int: 12    God:    Gozag
Gold:   201        SH:  8    Dex: 14    Spells: 6/6 levels left

rFire    + . .     SeeInvis .   a - +0 trident
rCold    . . .     Faith    .   n - +0 buckler
rNeg     . . .     Spirit   .   u - +0 ring mail
rPois    +         Reflect  .   (no helmet)
rElec    .         Harm     .   (no cloak)
rCorr    .         Rampage  .   (no gloves)
Will     .....                  (no boots)
Stlth    ++........             (no amulet)
HPRegen  0.18/turn              f - ring of poison resistance
MPRegen  0.10/turn              q - ring of protection from fire

@: no status effects
A: slimy green scales 2, condensation shield
a: Renounce Religion, Potion Petition, Call Merchant, Bribe Branch


You were on level 5 of the Dungeon.
You worshipped Gozag.
Gozag was aware of your devotion.
You visited 2 branches of the dungeon, and saw 7 of its levels.
You also visited: Sewer.

You collected 286 gold pieces.
You spent 24 gold pieces at shops.
You paid 61 gold pieces to Gozag.

Inventory:

Hand Weapons
 a - a +0 trident (weapon)
 b - a +0 war axe
Missiles
 j - 33 poisoned darts (quivered)
 t - 4 datura-tipped darts
Armour
 n - a +0 buckler (worn)
 u - a +0 ring mail (worn)
Jewellery
 f - a ring of poison resistance (left hand)
 q - a ring of protection from fire (right hand)
Wands
 g - a wand of digging (7)
Scrolls
 c - a scroll of fog
 d - 3 scrolls of enchant armour {unknown}
 e - 3 scrolls of identify
 l - a scroll of immolation {unknown}
 m - 6 scrolls of teleportation {unknown}
 o - 2 scrolls of magic mapping
 p - 2 scrolls of amnesia {unknown}
 x - a scroll of enchant weapon {unknown}
Potions
 h - 5 potions of flight
 i - 3 potions of curing
 k - 5 potions of heal wounds
 s - a potion of ambrosia
 v - a potion of attraction
 w - a potion of degeneration {unknown}


   Skills:
 + Level 4.3 Fighting
 + Level 3.0 Axes
 + Level 2.1 Throwing
 + Level 2.5 Armour
 + Level 3.2 Dodging
 - Level 4.5 Stealth
 + Level 2.0 Shields
 + Level 2.2 Evocations


You had 6 spell levels left.
You didn't know any spells.
Your spell library contained the following spells:

 Spells                   Type           Power      Damage    Failure   Level
 Magic Dart               Conj           0%         1d3       65%         1
 Searing Ray              Conj           0%         3d3       78%         2
 Dazzling Flash           Conj/Hex       0%         N/A       95%         3
 Fulminant Prism          Conj/Hex       0%         3d6       100%        4
 Iskenderun's Mystic Bla  Conj/Tloc      0%         2d3       100%        4


Dungeon Overview and Level Annotations

Branches:
Dungeon (6/15)             Temple (1/1) D:4           Sewer (visited)

Altars:
Ashenzari
Dithmenos
Elyvilon
Gozag
Hepliaklqana
Makhleb
Nemelex Xobeh
Okawaru
Qazlal
Trog
Uskayaw
Vehumet

Shops:
D:4 ?

Annotations:
D:6 Blork the orc


Innate Abilities, Weirdness & Mutations

You are mostly covered in slimy green scales. (AC +3)
A meltable shield of frost defends you. (SH +4)


Message History

* * * LOW HITPOINT WARNING * * *
You feel much better. The ogre hits you with a +0 giant club!
Throw: 38 darts (poison)
Press: ? - help, Q - select action, (/) - cycle Shift-Dir - straight line, f - ogre
Aim: an ogre, wielding a +0 giant club (76% to hit)
You throw a poisoned dart. The poisoned dart hits the ogre.
The ogre is poisoned.
Your icy envelope is restored.
The ogre looks more healthy.
Throw: 37 darts (poison)
Press: ? - help, Q - select action, (/) - cycle Shift-Dir - straight line, f/p - ogre
Aim: an ogre, wielding a +0 giant club (lightly wounded, 76% to hit)
You throw a poisoned dart. The poisoned dart hits the ogre.
The ogre is poisoned.
The ogre is lightly wounded.
The ogre closely misses you.
Throw: 36 darts (poison)
Press: ? - help, Q - select action, (/) - cycle Shift-Dir - straight line, f/p - ogre
Aim: an ogre, wielding a +0 giant club (moderately wounded, poisoned, 76% to hit)
You throw a poisoned dart. The poisoned dart hits the ogre.
The ogre looks even sicker.
The ogre is moderately wounded.
The ogre hits you with a +0 giant club!
You see here 15 arrows.
You see here a poisoned dart.
Throw: 35 darts (poison)
Press: ? - help, Q - select action, (/) - cycle Shift-Dir - straight line, f/p - ogre
Aim: an ogre, wielding a +0 giant club (heavily wounded, poisoned, 76% to hit)
You throw a poisoned dart.
The poisoned dart closely misses the ogre.
The ogre hits you with a +0 giant club.
Throw: 34 darts (poison)
Press: ? - help, Q - select action, (/) - cycle Shift-Dir - straight line, f/p - ogre
Aim: an ogre, wielding a +0 giant club (heavily wounded, poisoned, 76% to hit)
You throw a poisoned dart.
The poisoned dart closely misses the ogre.
The ogre looks more healthy.
The ogre hits you with a +0 giant club!!
You die...
Your body crumbles into a pile of gold.

##.###.# #.# #...#...###### #.#
#.# #.# #...##.##
#.###.#####.###....!.#
#.##>#(.......########
#.###(#####.#.......# #.# #.#
#(###.....# #.# #.# #(###.....###
#.# #(# #...#.....#.# #.# #.#
#@..#.....#.# ######.# #.#
#O#.#.....#.# .......###.#
#.#.......#.######
...........#####.#.#######.......
...###.###.............(.........
...# #.............#############.
#.## #.###..####.### #. ..# #.#
#..# #.# #. ..####.###..# #.# #.


You could see an ogre.

Vanquished Creatures
  An ogre (D:5)
  A scorpion (D:4)
  A water moccasin skeleton (D:5)
  A centaur zombie (D:5)
  A hound (D:5)
  A bullfrog skeleton (D:5)
  A jelly (D:4)
  A centaur skeleton (D:4)
  An iguana (D:4)
  A hound skeleton (D:5)
  7 adders
  An ufetubus (D:5)
  An adder skeleton (D:4)
  A worm (D:4)
  3 dart slugs
  5 orcs
  14 ball pythons
  5 endoplasms
  3 giant cockroaches
  5 goblins
  11 hobgoblins
  4 jackals (D:3)
  3 quokkas
  8 bats
  5 frilled lizards
  19 kobolds
  6 rats
111 creatures vanquished.

Vanquished Creatures (others)
  5 plants (Sewer)
5 creatures vanquished.

Grand Total: 116 creatures vanquished

Notes
Turn   | Place    | Note
-------+----------+-------------------------------------------
     0 | D:5      | flotson the Demonspawn Delver began the quest for the Orb.
     0 | D:5      | Reached XP level 1. HP: 18/18 MP: 1/1
    19 | D:5      | Noticed a hound
   123 | D:4      | Found a glowing drain.
   128 | D:4      | Noticed a necrophage
   129 | D:4      | Noticed a jelly
   132 | Sewer    | Entered a sewer
   366 | Sewer    | Gained mutation: A meltable shield of frost defends you.
                  | (SH +4) [demonic ancestry]
   366 | Sewer    | Reached XP level 2. HP: 24/24 MP: 2/2
  1001 | Sewer    | Gained mutation: You are partially covered in slimy green
                  | scales. (AC +2) [demonic ancestry]
  1001 | Sewer    | Reached XP level 3. HP: 23/29 MP: 3/3
  1007 | Sewer    | Reached skill level 1 in Armour
  1610 | D:1      | Found a faded altar of an unknown god.
  1893 | D:1      | Reached XP level 4. HP: 35/35 MP: 4/4
  2719 | D:2      | Reached skill level 1 in Evocations
  2975 | D:3      | Reached skill level 1 in Throwing
  3316 | D:3      | Found a stormy altar of Qazlal.
  3547 | D:4      | Found Etaragu's Magic Scroll Shoppe.
  3551 | D:4      | Bought a scroll of identify for 24 gold pieces
  3555 | D:4      | Found a hide-covered altar of Uskayaw.
  3556 | D:4      | Noticed a scorpion
  3580 | D:4      | Found a bloodstained altar of Trog.
  3590 | D:4      | Reached XP level 5. HP: 42/42 MP: 5/5
  3595 | D:4      | Reached skill level 1 in Shields
  4109 | D:4      | Found a staircase to the Ecumenical Temple.
  4126 | Temple   | Entered the Ecumenical Temple
  4260 | Temple   | Became a worshipper of Gozag Ym Sagoz the Greedy
  4441 | D:4      | Reached XP level 6. HP: 48/48 MP: 6/6
  4934 | D:5      | Found an iron altar of Okawaru.
  5458 | D:5      | Gained mutation: You are mostly covered in slimy green
                  | scales. (AC +3) [demonic ancestry]
  5458 | D:5      | Reached XP level 7. HP: 32/55 MP: 7/7
  5833 | D:5      | Found a hazy altar of Hepliaklqana.
  5980 | D:6      | Noticed a steam dragon
  6002 | D:6      | Noticed Blork the orc
  6085 | D:5      | Slain by an ogre

Illustrated notes

Levels and vault maps discovered:
D:1:      lightli_arrival_statuegarden, layout_loops_ring,
          hellmonk_ecumenical_altar_lost_god, minmay_shallow_snake_nest
D:2:      layout_rooms
D:3:      layout_rooms, lemuel_tele_altar
D:4:      layout_loops_ring, overflow_temple_1_default,
          nicolae_uskayaw_murder_on_the_dancefloor,
          minmay_temple_entry_offerings, serial_shops, shop,
          cheibrodos_sewer_entry_drain
D:5:      layout_loops_ring, general_overflow_altar, okawaru_metal_pillars_3,
          minmay_crystal_room
D:6:      minmay_angry_zag, layout_basic, kb_xom_exploding_sheep,
          lemuel_crystal_altar, uniq_blork_the_orc
Temple:   minmay_temple_curvy_loop

Skill      XL: |  1  2  3  4  5  6 |
---------------+-------------------+-----
Dodging        | 2 3 |  3.2
Axes           | 2 3 |  3.0
Armour         | 1 2 |  2.5
Evocations     | 1 2 |  2.2
Throwing       | 1 2 |  2.1
Shields        | 1 2 |  2.0
Fighting       | 4 |  4.3
Stealth        | |  4.5

Action                   |  1- 3 |  4- 6 |  7- 9 || total
-------------------------+-------+-------+-------++-------
Melee: Hand axe          |   155 |    27 |       ||   182
       Trident           |       |   231 |    22 ||   253
Throw: Dart              |     7 |    20 |    12 ||    39
  Use: Potion            |     3 |       |     2 ||     5
       Scroll            |     2 |     5 |     2 ||     9
 Stab: Sleeping          |     4 |     5 |       ||     9
Armor: Leather armour    |    64 |    12 |       ||    76
       Ring mail         |       |    68 |    11 ||    79
Dodge: Dodged            |   131 |   124 |    12 ||   267
Block: Other             |    14 |       |       ||    14
       Buckler           |    47 |    99 |    16 ||   162

Table legend: (Time is in decaauts)
 A = Elapsed time spent in this place.
 B = Non-inter-level travel time spent in this place.
 C = Inter-level travel time spent in this place.
 D = Time resting spent in this place.
 E = Time spent auto-exploring this place.
 F = Levels seen in this place.
 G = Mean time per level.
                   A        B        C        D        E       F      G
               +--------+--------+--------+--------+--------+-----+--------+
         Total |   6206 |   5900 |    306 |      5 |   4474 |   8 |  775.8 |
       Dungeon |   4903 |   4669 |    234 |      5 |   3454 |   6 |  817.2 |
        Temple |    206 |    134 |     72 |      0 |    126 |   1 |  206.0 |
         Sewer |   1095 |   1095 |      0 |      0 |    894 |   1 | 1095.0 |
               +--------+--------+--------+--------+--------+-----+--------+

Top non-repeatable levels by time:
     D:5: 1303 daAuts
     D:4: 1152 daAuts
   Sewer: 1095 daAuts
     D:2: 928 daAuts
     D:3: 733 daAuts
     D:1: 701 daAuts
  Temple: 206 daAuts
     D:6: 84 daAuts
